 Dungeon Crawl Stone Soup version 0.23.2-1-ga50397a6bc (webtiles) character file.

Game seed: 16800570860854200169

325 NochnoyZador the Cruncher (level 6, -2/50 HPs)
             Began as a Minotaur Gladiator on May 4, 2019.
             Slain by a scorpion (5 damage)
             ... on level 4 of the Dungeon.
             The game lasted 00:07:22 (1682 turns).

NochnoyZador the Cruncher (Minotaur Gladiator)      Turns: 1682, Time: 00:07:22

Health: -2/50      AC:  3    Str: 18    XL:     6   Next: 24%
Magic:  5/5        EV: 13    Int:  5    God:
Gold:   97         SH:  0    Dex: 14    Spells: 5/5 levels left

rFire    . . .     SeeInvis .   a - +0 quarterstaff
rCold    . . .     Gourm    .   (shield currently unavailable)
rNeg     . . .     Faith    .   b - +0 leather armour
rPois    .         Spirit   .   c - +0 hat
rElec    .         Reflect  .   (no cloak)
rCorr    .         Harm     .   (no gloves)
MR       .....                  (no boots)
Stlth    +.........             (no amulet)
HPRegen  0.16/turn              (no ring)
MPRegen  0.09/turn              (no ring)

@: lethally poisoned (-2 -> -3)
A: retaliatory headbutt, horns 2
a: no special abilities


You were on level 4 of the Dungeon.
You were hungry.

You visited 1 branch of the dungeon, and saw 6 of its levels.

You collected 97 gold pieces.

Inventory:

Hand Weapons
 a - a +0 quarterstaff (weapon)
Missiles
 d - 3 throwing nets
 e - 10 tomahawks
 p - 100 stones
 s - 8 javelins (quivered)
Armour
 b - a +0 leather armour (worn)
 c - a +0 hat (worn)
 g - a +0 plate armour
Wands
 t - a wand of acid (13)
Scrolls
 i - a scroll of magic mapping {unknown}
 m - 3 scrolls of identify {unknown}
 o - a scroll of fog {unknown}
 q - a scroll of blinking {unknown}
 r - a scroll of remove curse {unknown}
 v - a scroll of fear {unknown}
Potions
 h - 2 potions of flight {unknown}
 j - a potion of lignification {unknown}
 k - 4 potions of brilliance
 l - 2 potions of curing {unknown}
 n - 2 potions of heal wounds
 u - a potion of resistance {unknown}
Comestibles
 f - 6 rations
 w - 2 chunks of flesh


   Skills:
 - Level 2.4 Fighting
 + Level 8.5 Staves
 - Level 2.0 Throwing
 - Level 3.2 Dodging


You had 5 spell levels left.
You didn't know any spells.
Your spell library was empty.

Dungeon Overview and Level Annotations

Branches:
Dungeon (6/15)
 Temple: D:4-7

Altars:
Zin

Shops:
D:4 *

Annotations:
D:5 Menkaure


Innate Abilities, Weirdness & Mutations

You reflexively headbutt those who attack you in melee.
You have a pair of horns on your head.


Message History

* * * LOW HITPOINT WARNING * * *
You are poisoned.
The scorpion poisons you!
You feel sick.
You feel sick.
You feel sick.
You feel sick.
You feel sick.
Found a quarterstaff.
You hit the scorpion but do no damage.
You feel sick.
You closely miss the scorpion. The scorpion stings you.
* * * LOW HITPOINT WARNING * * *
You closely miss the scorpion. You headbutt the scorpion.
The scorpion is lightly wounded.
The scorpion stings you.
* * * LOW HITPOINT WARNING * * *
You hit the scorpion.
The scorpion is heavily wounded.
You feel sick. The scorpion stings you.
You die...

....## .....# .....# #
.....### .# .......####
##..#
..........#########....)
##......$...............
###...................⌠
######......s@...#
#############


You could see a scorpion.

Vanquished Creatures
  A phantom (D:4)
  A howler monkey (D:6)
  A crimson imp (D:5)
  2 worker ants (D:4)
  A hound skeleton (D:4)
  5 adders
  2 dart slugs
  2 ball pythons
  7 bats
  3 giant cockroaches
  7 goblins
  6 hobgoblins
  5 frilled lizards
  10 kobolds
  7 rats
60 creatures vanquished.

Notes
Turn   | Place    | Note
-------+----------+-------------------------------------------
     0 | D:1      | NochnoyZador the Minotaur Gladiator began the quest for the
                  | Orb.
     0 | D:1      | Reached XP level 1. HP: 18/18 MP: 0/0
    86 | D:1      | Reached skill level 4 in Staves
   117 | D:1      | Reached XP level 2. HP: 16/25 MP: 1/1
   390 | D:1      | Reached skill level 5 in Staves
   507 | D:1      | Reached XP level 3. HP: 30/30 MP: 2/2
   733 | D:2      | Reached XP level 4. HP: 21/37 MP: 3/3
   750 | D:2      | Reached skill level 6 in Staves
  1074 | D:2      | Found a glowing silver altar of Zin.
  1332 | D:3      | You fall through a shaft for 3 floors!
  1347 | D:6      | Noticed an ogre
  1357 | D:5      | Entered Level 5 of the Dungeon
  1393 | D:5      | Reached skill level 7 in Staves
  1393 | D:5      | Reached XP level 5. HP: 37/42 MP: 4/4
  1404 | D:5      | Noticed Menkaure
  1447 | D:4      | Noticed a phantom
  1463 | D:4      | Killed a phantom
  1463 | D:4      | Reached skill level 8 in Staves
  1476 | D:4      | Found Zah Akhe's Assorted Antiques.
  1526 | D:4      | Reached XP level 6. HP: 8/50 MP: 5/5
  1682 | D:4      | Slain by a scorpion

Skill      XL: |  1  2  3  4  5 |
---------------+----------------+-----
Staves         | 4 5 7 8 |  8.5
Fighting       | |  2.4
Throwing       | |  2.0
Dodging        | |  3.2

Action                   |  1- 3 |  4- 6 || total
-------------------------+-------+-------++-------
Melee: Quarterstaff      |    66 |    76 ||   142
       Headbutt          |    12 |    10 ||    22
  Use: Potion            |       |     2 ||     2
  Eat: Chunk             |       |     2 ||     2
Armor: Leather armour    |    16 |     9 ||    25
Dodge: Dodged            |    53 |    46 ||    99
